 Dungeon Crawl Stone Soup version 0.27.1 (webtiles) character file.

Game seed: 3918805228821158338

162 Tinkle the Chopper (level 5, 0/47 HPs)
             Began as a Minotaur Berserker on Aug 27, 2021.
             Was a Believer of Trog.
             Slain by a gnoll (3 damage)
             ... on level 3 of the Dungeon.
             The game lasted 00:08:04 (2930 turns).

Tinkle the Chopper (Minotaur Berserker)             Turns: 2930, Time: 00:08:05

Health: 0/47       AC:  2    Str: 22    XL:     5   Next: 19%
Magic:  4/4        EV: 12    Int:  4    God:    Trog [**....]
Gold:   71         SH:  0    Dex: 10    Spells: 4/4 levels left

rFire    . . .     SeeInvis .   a - +0 hand axe
rCold    . . .     Faith    .   (no shield)
rNeg     . . .     Spirit   .   b - +0 animal skin
rPois    .         Reflect  .   (helmet restricted)
rElec    .         Harm     .   (no cloak)
rCorr    .         Rampage  .   (no gloves)
Will     .....                  (no boots)
Stlth    +.........             (no amulet)
HPRegen  0.15/turn              (no ring)
MPRegen  0.09/turn              (no ring)

@: on berserk cooldown, slowed, very slow
A: horns 2, retaliatory headbutt
a: Renounce Religion, Berserk, Trog's Hand


You were on level 3 of the Dungeon.
You worshipped Trog.
Trog was pleased with you.
You visited 1 branch of the dungeon, and saw 3 of its levels.

You collected 71 gold pieces.

Inventory:

Hand Weapons
 a - a +0 hand axe (weapon)
Missiles
 f - 9 poisoned darts (quivered)
Armour
 b - a +0 animal skin (worn)
Wands
 i - a wand of paralysis (5)
Scrolls
 g - a scroll of fog {unknown}
 h - a scroll of blinking {unknown}
 j - a scroll of identify {unknown}
 k - a scroll of magic mapping {unknown}
 l - a scroll of teleportation {unknown}
 m - a scroll of amnesia {unknown}
Potions
 c - 2 potions of degeneration {unknown}
 d - 3 potions of curing {unknown}
 e - a potion of attraction {unknown}
 n - 2 potions of flight {unknown}


   Skills:
 + Level 4.7 Fighting
 + Level 4.7 Axes
 + Level 3.8 Armour
 + Level 3.5 Dodging


You had 4 spell levels left.
You didn't know any spells.
Your spell library was empty.

Dungeon Overview and Level Annotations

Branches:
Dungeon (3/15)

Altars:
Ashenzari


Innate Abilities, Weirdness & Mutations

You have a pair of horns on your head.
You reflexively headbutt those who attack you in melee.


Message History

A red film seems to cover your vision as you go berserk!
You feel yourself moving faster!
You feel mighty!
The gnoll hits you from afar with a +0 spear.
You feel a strong urge to attack something.
The gnoll barely misses you. You furiously retaliate!
You headbutt the gnoll! You slice the gnoll!!
You kill the gnoll!
Trog accepts your kill. The gnoll hits you with a +0 spear.
Damage: -9%(-6hp) hp: 86%(60hp)
You slash the gnoll! Your headbutt misses the gnoll.
The gnoll is almost dead.
You slash the gnoll!
You kill the gnoll!
Trog accepts your kill.
You feel a strong urge to attack something.
You are no longer berserk.
You are exhausted.
You feel yourself slow down. The gnoll hits you with a +0 halberd!
Huge Dmg: -74%(-35hp) hp: 54%(25hp)
You hit the gnoll. You headbutt the gnoll.
The gnoll is heavily wounded.
The gnoll hits you with a +0 halberd.
Damage: -9%(-4hp) hp: 45%(21hp)
You closely miss the gnoll.
The gnoll is heavily wounded.
The gnoll hits you with a +0 halberd. The gnoll barely misses you.
You furiously retaliate!
You headbutt the gnoll, but do no damage.
Damage: -6%(-3hp) hp: 39%(18hp)
You barely miss the gnoll. Your headbutt misses the gnoll.
The gnoll is heavily wounded.
The gnoll hits you with a +0 halberd.
* * * LOW HITPOINT WARNING * * *
The gnoll hits you with a +0 halberd!
* * * LOW HITPOINT WARNING * * *
Huge Dmg: -34%(-16hp) hp: 5%(2hp)
The gnoll misses you.
The gnoll hits you from afar with a +0 halberd.
You die...

#..............
#........#####
#........#
#........#
#........#
#.....##.#####
#........g..)#
#....)...)...###
###........@.<.#
######...###.####
##....#....########
#.......#..†.....###
#[#####....#####....
#.# #..[.....#####
#.# ####.###..####
#.# #.## #.....
#####.#### #..#
###.:.


You could see a gnoll.

Vanquished Creatures
  A scorpion (D:2)
  3 adders (D:2)
  2 gnolls (D:3)
  A worm (D:3)
  6 ball pythons
  8 endoplasms
  A giant cockroach (D:3)
  4 goblins
  4 hobgoblins
  3 jackals (D:3)
  5 kobolds
  3 quokkas
  A bat (D:2)
  2 frilled lizards (D:1)
  5 rats
49 creatures vanquished.

Notes
Turn   | Place    | Note
-------+----------+-------------------------------------------
     0 | D:1      | Tinkle the Minotaur Berserker began the quest for the Orb.
     0 | D:1      | Reached XP level 1. HP: 19/19 MP: 0/0
   542 | D:1      | Huge Dmg: 5 dmg
   543 | D:1      | Reached XP level 2. HP: 18/27 MP: 1/1
   890 | D:1      | Reached ** piety under Trog
  1288 | D:2      | Reached XP level 3. HP: 28/33 MP: 2/2
  1778 | D:2      | Noticed a scorpion
  1786 | D:2      | Killed a scorpion
  1787 | D:2      | Reached XP level 4. HP: 41/41 MP: 3/3
  2579 | D:3      | Reached XP level 5. HP: 47/47 MP: 4/4
  2718 | D:3      | Found a broken altar of Ashenzari.
  2761 | D:3      | Huge Dmg: 8 dmg
  2926 | D:3      | Huge Dmg: 35 dmg
  2928 | D:3      | HP: 2/47 [gnoll (12)]
  2929 | D:3      | Huge Dmg: 16 dmg
  2930 | D:3      | Slain by a gnoll

Illustrated notes

Levels and vault maps discovered:
D:1:      ebering_trefoil_twist, layout_basic, corexii_item_surrounded_by_moat
D:2:      cheibrodos_helix_gallery, layout_loops_corners, minmay_tromino_mix6
D:3:      layout_rooms, mainiacjoe_overflow_paths,
          shapermc_ecumenical_altar_petra

Skill      XL: |  1  2  3 |
---------------+----------+-----
Fighting       | 4 |  4.7
Axes           | 4 |  4.7
Armour         | 3 |  3.8
Dodging        | 3 |  3.5

Action                   |  1- 3 |  4- 6 || total
-------------------------+-------+-------++-------
Melee: Hand axe          |    57 |    54 ||   111
       Headbutt          |     4 |     9 ||    13
Throw: Dart              |       |     5 ||     5
Invok: Berserk           |       |     1 ||     1
 Stab: Sleeping          |     1 |       ||     1
Armor: Animal skin       |     9 |     2 ||    11
Dodge: Dodged            |    40 |    37 ||    77
